 Dungeon Crawl Stone Soup version 0.28.0 (webtiles) character file.

Game seed: 4869223868965623155

23 Colgate the Gusty (level 3, -3/19 HPs)
             Began as a Kobold Air Elementalist on Feb 13, 2022.
             Slain by an iguana (12 damage)
             ... on level 2 of the Dungeon.
             The game lasted 00:03:23 (1049 turns).

Colgate the Gusty (Kobold Air Elementalist)         Turns: 1049, Time: 00:03:24

Health: -3/19      AC:  2    Str:  5    XL:     3   Next: 10%
Magic:  0/6        EV: 15    Int: 18    God:
Gold:   18         SH:  0    Dex: 15    Spells: 3/6 levels left

rFire   . . .      SeeInvis .   b - +0 short sword
rCold   . . .      Faith    .   (no shield)
rNeg    . . .      Spirit   +   i - +0 robe
rPois   .          Reflect  .   (no helmet)
rElec   .          Harm     .   (no cloak)
rCorr   .          Rampage  .   (no gloves)
Will    .....                   (no boots)
Stlth   +++.......              f - amulet of guardian spirit
HPRegen 0.06/turn               (no ring)
MPRegen 0.10/turn               (no ring)

@: no status effects
A: small, no large weapons, nightstalker 3
a: no special abilities


You were on level 2 of the Dungeon.
You visited 1 branch of the dungeon, and saw 2 of its levels.

You collected 18 gold pieces.

Inventory:

Hand Weapons
 a - a +0 dagger
 b - a +0 short sword (weapon)
 c - a +0 whip
Missiles
 d - 5 boomerangs
 g - 20 stones
Armour
 i - a +0 robe (worn)
Jewellery
 f - an amulet of guardian spirit (around neck)
Potions
 e - a potion of heal wounds {unknown}
 h - a potion of curing {unknown}


   Skills:
 - Level 2.4 Dodging
 - Level 2.6 Stealth
 - Level 2.1 Spellcasting
 - Level 1.0 Conjurations
 + Level 4.0 Air Magic


You had 3 spell levels left.
You knew the following spells:

 Your Spells              Type           Power      Damage    Failure   Level
a - Shock                 Conj/Air       44%        1d5       6%          1
b - Static Discharge      Conj/Air       11%        N/A       10%         2

Your spell library contained the following spells:

 Spells                   Type           Power      Damage    Failure   Level
 Swiftness                Air            16%        N/A       10%         3
 Airstrike                Air            8%         N/A       32%         4


Dungeon Overview and Level Annotations

Branches:
Dungeon (2/15)

Altars:


Innate Abilities, Weirdness & Mutations

You are small and have problems with some larger weapons.
You are completely attuned to the shadows.


Message History

You hit the iguana.
The iguana is severely wounded.
The iguana hisses menacingly.
The iguana bites you!
Ouch! That really hurt!
You are too injured to fight recklessly!
You are too injured to fight recklessly!
You hit the iguana but do no damage. You punch the iguana, but do no damage.
The iguana is severely wounded.
The iguana barely misses you.
You hit the iguana.
The iguana is severely wounded.
The iguana completely misses you.
You barely miss the iguana.
The iguana is severely wounded.
The iguana barely misses you.
You barely miss the iguana.
The iguana is severely wounded.
The iguana barely misses you.
You hit the iguana.
The iguana is almost dead.
The iguana closely misses you.
You hit the iguana but do no damage.
The iguana is almost dead.
The iguana closely misses you.
You hit the iguana but do no damage.
The iguana is almost dead.
The iguana misses you.
The iguana bites you but does no damage.
You closely miss the iguana.
The iguana is almost dead.
The iguana closely misses you.
You hit the iguana but do no damage.
The iguana is almost dead.
The iguana closely misses you.
You hit the iguana but do no damage. Your punch misses the iguana.
The iguana is almost dead.
The iguana bites you!
Ouch! That really hurt!
You die...

## #.. #####.
.########.. ..##.l...
.......##.# #.##@....
.......##.# #.##...[.
.......##.# #.##.....
.####.....###........
## ##.#.##...........
. ..................>
##.......#...........
......#..#.###..####
†....... #.. ...


You could see an iguana.

Vanquished Creatures
  3 ball pythons
  3 bats (D:1)
  An endoplasm (D:2)
  A goblin (D:1)
  5 hobgoblins
  4 kobolds
  A quokka (D:1)
  A frilled lizard (D:1)
  2 rats
21 creatures vanquished.

Notes
Turn   | Place    | Note
-------+----------+-------------------------------------------
     0 | D:1      | Colgate the Kobold Air Elementalist began the quest for the
                  | Orb.
     0 | D:1      | Reached XP level 1. HP: 10/10 MP: 3/3
   152 | D:1      | Reached XP level 2. HP: 15/15 MP: 3/5
   155 | D:1      | Learned a level 2 spell: Static Discharge
   899 | D:2      | Reached skill level 4 in Air Magic
   899 | D:2      | Reached XP level 3. HP: 19/19 MP: 6/6
  1049 | D:2      | Slain by an iguana

Illustrated notes

Levels and vault maps discovered:
D:1:      dpeg_chamrin_arrival_tetris, layout_rooms
D:2:      layout_basic, dreamdust_ecumenical_altar_hidden_monk_grotto,
          grunt_decor_mini_mirrors, chequers_serial_rivers_micro_b

Skill      XL: |  1  2 |
---------------+-------+-----
Air Magic      | 4 |  4.0
Dodging        | |  2.4
Stealth        | |  2.6
Spellcasting   | |  2.1
Conjurations   | |  1.0

Action                   || total
-------------------------++-------
Melee: Short sword       ||    16
       Dagger            ||     1
       Punch             ||     2
 Cast: Shock             ||    18
       Static Discharge  ||     9
 Stab: Sleeping          ||     5
Armor: Robe              ||     3
Dodge: Dodged            ||    16
